 Dungeon Crawl Stone Soup version 0.16.1-51-g6203257 (webtiles) character file.

1285 Ignatius881 the Conjurer (level 8, -12/46 HPs)
             Began as a High Elf Wizard on July 7, 2015.
             Mangled by an orc warrior
             ... wielding a +0 long sword
              (20 damage)
             ... on level 5 of the Dungeon.
             The game lasted 00:31:46 (8548 turns).

Ignatius881 the Conjurer (High Elf Wizard)          Turns: 8548, Time: 00:31:46

Health: -12/46     AC:  2    Str:  6    XL:     8   Next: 29%
Magic:  18/24      EV: 14    Int: 23    God:
Gold:   344        SH:  0    Dex: 15    Spells: 4 memorised, 10 levels left

rFire  . . .     SeeInvis .     i - +0 hand axe
rCold  . . .     Clarity  .     a - +0 robe
rNeg   . . .     SustAb   .     (no shield)
rPois  .         Gourm    .     b - +0 hat
rElec  .         Spirit   .     (no cloak)
rCorr  .         Warding  .     (no gloves)
rMut   .         Stasis   .     (no boots)
MR     .....                    (no amulet)
Stlth  ++........               (no ring)
                                (no ring)

@: hasted, very quick, not resistant to hostile enchantments, unstealthy
A: no striking features
a: no special abilities


You were on level 5 of the Dungeon.
You were not hungry.

You visited 1 branch of the dungeon, and saw 6 of its levels.

You collected 344 gold pieces.

Inventory:

Hand weapons
 h - a +0 dagger
 i - a +0 hand axe (weapon)
 u - a +0 antimagic quarterstaff
 F - a +2 quarterstaff of chaos
Missiles
 o - 113 stones (quivered)
Armour
 a - a +0 robe (worn)
 b - a +0 hat (worn)
Jewellery
 r - an uncursed ring of protection from cold
Scrolls
 e - 2 scrolls of fear
 j - a scroll of immolation {unknown}
 t - a scroll of amnesia {unknown}
 w - a scroll of magic mapping {unknown}
 y - a scroll of acquirement {unknown}
 A - a scroll of teleportation {unknown}
 B - a scroll of enchant weapon {unknown}
 C - a scroll of holy word {unknown}
 D - 2 scrolls of identify
 E - 2 scrolls of noise {unknown}
 I - a scroll of remove curse {unknown}
Potions
 g - a potion of mutation {unknown}
 k - a potion of cure mutation {unknown}
 l - a potion of degeneration {unknown}
 m - a potion of poison {unknown}
 p - 2 potions of restore abilities
 q - a potion of cancellation {unknown}
 x - a potion of beneficial mutation {unknown}
 z - 4 potions of curing {unknown}
 G - a potion of berserk rage {unknown}
Books
 c - a book of Minor Magic

   Spells                             Type                      Level
   a - Magic Dart                     Conjuration                  1
   b - Blink                          Translocation                2
   c - Call Imp                       Summoning                    2
   d - Repel Missiles                 Charms/Air                   2
   e - Slow                           Hexes                        2
   f - Conjure Flame                  Conjuration/Fire             3
   g - Mephitic Cloud                 Conjuration/Poison/Air       3
Comestibles
 d - 5 bread rations
 s - 2 beef jerkies
 v - 2 meat rations


   Skills:
 - Level 4.0 Dodging
 - Level 2.1 Stealth
 + Level 6.1 Spellcasting
 + Level 7.9 Conjurations
   Level 0.8 Summonings
 - Level 1.1 Translocations
 + Level 3.0 Fire Magic
 - Level 3.0 Air Magic


You had 10 spell levels left.
You knew the following spells:

 Your Spells              Type           Power        Failure   Level  Hunger
a - Magic Dart            Conj           ####         1%          1    None
b - Blink                 Tloc           N/A          10%         2    None
c - Conjure Flame         Conj/Fire      ####....     2%          3    #......
d - Mephitic Cloud        Conj/Pois/Air  ###.....     8%          3    #......


Dungeon Overview and Level Annotations

Branches:
Dungeon (6/15)             Temple (0/1) D:4

Altars:

Shops:
D:4 *   D:5 }


Message History

Press: ? - help, Shift-Dir - straight line, f/p - orc warrior
Aim: an orc warrior, wielding a long sword and wearing a chain mail (heavily wounded)
The magic dart hits the orc warrior.
The orc warrior is heavily wounded.
The orc warrior misses you.
Casting: Magic Dart
Confirm with . or Enter, or press ? or * to list all spells.
Aiming: Magic Dart
Press: ? - help, Shift-Dir - straight line, f/p - orc warrior
Aim: an orc warrior, wielding a long sword and wearing a chain mail (heavily wounded)
The magic dart hits the orc warrior.
The orc warrior is heavily wounded.
The orc warrior hits you with a long sword!!
* * * LOW HITPOINT WARNING * * *
You hear a shout!
You climb upwards.
There is a stone staircase leading down, spattered with blood here.
It was a potion of haste.
You feel yourself speed up.
The orc warrior hits you with a long sword!!
You die...

........#
##..##.####.####.#
......### #...#.####.#
#.#
##....#######..#.#....#
#.#
............#....##.###
#.#
............#....##.#
#.#
............##...##.#
#.#
............##...##.#
#.#
............###.o#..#
#.# ............#
#.@#.## #.#
........[...# ####.#
#.# ######...#### #.#
#.# ............# #.#
#.# ............# #.#
#.# ............### #)#
#.# ..##..........# #.#
#.# ..............# #)#
#.# ..............#
##.#######.#


You could see an orc warrior.

Vanquished Creatures
  A black bear (D:6)
  A centaur (D:5)
  An ogre (D:4)
  A scorpion (D:5)
  A crimson imp (D:5)
  A jelly (D:6)
  6 orc priests
  A giant frog zombie (D:6)
  2 hounds
  Crazy Yiuf (D:6)
  An orc wizard (D:6)
  An iguana (D:6)
  7 worker ants
  A killer bee zombie (D:5)
  12 gnolls
  12 adders
  A white imp (D:5)
  A giant mite (D:3)
  4 giant geckos
  22 orcs
  10 bats
  A bat skeleton (D:5)
  6 giant cockroaches
  15 goblins
  11 hobgoblins
  23 jackals
  9 kobolds
  2 quokkas (D:2)
  2 ball pythons
  A giant gecko skeleton (D:4)
  8 giant newts
  10 rats
176 creatures vanquished.

Vanquished Creatures (collateral kills)
  A giant cockroach (D:3)
1 creature vanquished.

Grand Total: 177 creatures vanquished

Notes
Turn   | Place    | Note
--------------------------------------------------------------
     0 | D:1      | Ignatius881, the High Elf Wizard, began the quest for the Orb.
     0 | D:1      | Reached XP level 1. HP: 11/11 MP: 5/5
   321 | D:1      | Reached XP level 2. HP: 10/17 MP: 1/7
  1190 | D:1      | Reached XP level 3. HP: 2/21 MP: 0/10
  1463 | D:1      | Learned a level 2 spell: Blink
  1467 | D:1      | Learned a level 3 spell: Conjure Flame
  1471 | D:1      | Learned a level 3 spell: Mephitic Cloud
  1560 | D:2      | Reached skill level 4 in Conjurations
  1567 | D:2      | Reached XP level 4. HP: 11/27 MP: 3/13
  2231 | D:2      | Reached skill level 5 in Conjurations
  3075 | D:3      | Found a glowing drain.
  3109 | D:3      | Reached skill level 1 in Air Magic
  3109 | D:3      | Reached XP level 5. HP: 10/31 MP: 9/14
  3741 | D:3      | Reached XP level 6. HP: 36/36 MP: 15/17
  3827 | D:3      | Reached skill level 6 in Conjurations
  5203 | D:4      | Found Crisukou's General Store.
  5269 | D:4      | Found a staircase to the Ecumenical Temple.
  5523 | D:4      | Reached XP level 7. HP: 41/41 MP: 11/20
  5575 | D:5      | Entered Level 5 of the Dungeon
  6219 | D:5      | Found Taxuop's Gadget Boutique.
  6242 | D:5      | Reached skill level 1 in Fire Magic
  6512 | D:5      | Reached skill level 7 in Conjurations
  6634 | D:5      | Reached skill level 5 in Spellcasting
  7149 | D:6      | Noticed Crazy Yiuf
  7157 | D:6      | Killed Crazy Yiuf
  7259 | D:6      | Reached XP level 8. HP: 46/46 MP: 15/23
  8548 | D:5      | Mangled by an orc warrior

Action                   |  1- 3 |  4- 6 |  7- 9 || total
-------------------------+-------+-------+-------++-------
Melee: Hand axe          |     7 |     1 |     5 ||    13
 Cast: Magic Dart        |    67 |   232 |   216 ||   515
       Mephitic Cloud    |     1 |     7 |    10 ||    18
       Conjure Flame     |       |     1 |       ||     1
  Use: Scroll            |       |     2 |     2 ||     4
       Potion            |       |       |     3 ||     3
  Eat: Chunk             |     1 |    12 |     5 ||    18
       Bread ration      |       |     1 |     1 ||     2
